Map: Acropolis LE

Players

Fly

  • Race: Zerg Zerg
  • League: Master
  • Spawn Location: 5:00

Mez - Winner!

  • Race: Terran Terran
  • League: Master
  • Spawn Location: 11:00

VOD

Have the link to the VOD?

Description

Time

  • Played on: Sept. 3, 2019, 12:31 a.m.
  • Length: 5:47
Show
View Real Time Build Order
Export as new Build Order

Fly Zerg 

Build Orders: Hatch First 

Get SALT Encoding   

  12  0:00  Drone  
  13  0:12  Overlord  
  13  0:17  Drone  
  14  0:31  Drone x2  
  16  0:47  Hatchery  
  15  0:51  Drone  
  15  0:54  Drone  
  17  0:58  Drone  
  18  1:05  Extractor  
  17  1:13  Spawning Pool  
  17  1:17  Drone  
  17  1:19  Drone  
  18  1:28  Drone  
  19  1:40  Overlord  
  19  2:00  Queen x2  
  23  2:01  Zergling x4  
  23  2:02  Zergling x2  
  26  2:10  Drone  
  26  2:12  Drone  
  28  2:18  Metabolic Boost  
  28  2:20  Drone  
  29  2:36  Drone  
  27  2:54  Drone x3  
  30  3:06  Zergling x4  
  30  3:08  Pneumatized Carapace  
  32  3:20  Drone  
  32  3:22  Drone x2  
  32  3:23  Overlord, Drone  
  32  3:26  Hatchery  
  35  3:28  Drone  
  36  3:42  Baneling Nest  
  36  3:45  Zergling x2  
  36  3:46  Zergling x10  
  41  3:51  Zergling x2  
  41  3:52  Zergling x4  
  44  3:57  Overlord  
  44  4:16  Zergling x10  
  44  4:17  Zergling x2  
  47  4:29  Lair  
  47  4:30  Drone  
  47  4:31  Drone x3  
  51  4:38  Zergling x4  
  51  4:41  Hatchery  
  49  4:53  Drone  
  49  4:54  Drone x3  
  49  4:56  Drone x3  
  49  4:57  Overlord x2  
  49  4:58  Extractor  
  49  4:59  Extractor  
  54  5:02  Spore Crawler  
  54  5:04  Queen  
  54  5:05  Drone  
  56  5:08  Overlord  
  56  5:09  Overlord  
  56  5:16  Drone  
  56  5:17  Drone x3  
Show
View Real Time Build Order
Export as new Build Order

Mez Terran - Winner!

Build Orders: Liberator Opening, Reaper Expand 

Get SALT Encoding   

  12  0:00  SCV  
  13  0:12  SCV  
  14  0:17  Supply Depot  
  14  0:24  SCV  
  15  0:38  SCV  
  15  0:40  Barracks  
  16  0:44  Refinery  
  16  0:50  SCV  
  17  1:03  SCV  
  18  1:15  SCV  
  19  1:27  Reaper  
  19  1:28  Orbital Command  
  20  1:41  Command Center  
  20  1:50  Supply Depot  
  21  1:54  SCV  
  21  2:02  Marine  
  21  2:06  SCV  
  23  2:14  Factory  
  23  2:17  Refinery  
  23  2:18  SCV  
  23  2:22  Barracks Reactor  
  24  2:30  SCV  
  25  2:40  Engineering Bay  
  25  2:50  SCV  
  25  2:54  Orbital Command  
  25  3:07  Starport  
  25  3:10  Hellion  
  25  3:12  SCV  
  28  3:14  Barracks Tech Lab  
  28  3:18  Hellion  
  29  3:21  SCV  
  29  3:24  SCV  
  29  3:25  Supply Depot  
  31  3:28  Liberator  
  31  3:33  SCV  
  32  3:37  Marine, SCV  
  34  3:43  Hellion x2  
  34  3:45  SCV  
  42  3:54  SCV  
  42  3:55  Supply Depot  
  43  3:57  Marine, SCV  
  45  4:05  Hellion x2  
  49  4:10  SCV x2  
  51  4:19  Command Center  
  51  4:24  SCV x2  
  53  4:43  SCV x2  
  55  4:51  Starport Reactor  
  55  4:54  Marine, Factory Reactor  
  55  4:55  SCV  
  55  4:56  SCV, Barracks  
  55  4:58  Barracks  
  55  4:59  Engineering Bay x2  
  58  5:07  SCV  
  58  5:09  SCV  
  60  5:16  Refinery  
  60  5:17  Marine  
  60  5:18  Refinery  
  60  5:19  SCV  
  62  5:31  SCV x2  
Tags
 
Add a new tag
Caveats
  • Supply blocks, unpowered buildings, or Contaminate may cause inaccurate times.
  • Supply counts are checked every 10 seconds.